[ AOE2 MATCH · #506711665 ]
UnrankedSpanish vs Mongols
Player's team · LOSS
Rival team · WIN
[ REPLAY ANALYSIS · EXTRACTED FROM THE RECORDED GAME ]
Feudal
9:48
Castle
28:48
Imperial
—
| APM avg | 29.7 |
| APM peak | 80 |
| eAPM avg | 15.5 |
| Villagers / military | 89 / 16 |
Focus
⚔️ 31.6% · 🌾 68.4%
Militia ×12 · Fishing Ship ×12 · Battering Ram ×2 · Mangonel ×1 · Scorpion ×1
Feudal
9:47
Castle
25:22
Imperial
—
| APM avg | 38.8 |
| APM peak | 82 |
| eAPM avg | 15.7 |
| Villagers / military | 96 / 59 |
Focus
⚔️ 38.7% · 🌾 61.3%
Archer ×40 · Battering Ram ×11 · Militia ×4 · Mangonel ×4
Match map
Initial resources + every placement click. Lines = walls · curves = elevation contours. ◆ gold · ⬟ stone · ● berries · ✦ relic · ◌ wall gap
Your base· Open — 2t gap
DS_Rene Lavand's base· Open — unwalled flank
Smoothed initial terrain · ◌ = detected wall gap · hover for details
Inputs per minute
— Schlumpf - - DS_Rene Lavand
Build order — Schlumpf
First 150 of 183 actions detected
| 0:01 | Queue | Villager (Male) |
| 0:01 | Queue | Villager (Male) |
| 0:02 | Queue | Villager (Male) |
| 0:03 | Build | House |
| 0:05 | Build | House |
| 0:13 | Queue | Villager (Male) |
| 1:31 | Queue | Villager (Male) |
| 1:51 | Queue | Villager (Male) |
| 1:51 | Queue | Villager (Male) |
| 2:10 | Queue | Villager (Male) |
| 2:10 | Queue | Villager (Male) |
| 2:58 | Build | Lumber Camp |
| 3:03 | Queue | Villager (Male) |
| 3:03 | Queue | Villager (Male) |
| 3:08 | Queue | Villager (Male) |
| 3:08 | Queue | Villager (Male) |
| 3:42 | Queue | Villager (Male) |
| 3:42 | Queue | Villager (Male) |
| 3:48 | Build | House |
| 4:18 | Queue | Villager (Male) |
| 4:23 | Build | House |
| 5:01 | Queue | Villager (Male) |
| 5:01 | Queue | Villager (Male) |
| 5:07 | Queue | Villager (Male) |
| 5:07 | Queue | Villager (Male) |
| 5:14 | Queue | Villager (Male) |
| 5:35 | Queue | Villager (Male) |
| 6:03 | Build | Mill |
| 7:00 | Build | Barracks |
| 7:04 | Research | Loom |
| 7:11 | Queue | Villager (Male) |
| 7:32 | Research | Feudal Age |
| 8:01 | Build | Dock |
| 8:07 | Build | House |
| 8:13 | Queue | Militia |
| 8:13 | Queue | Militia |
| 8:18 | Queue | Militia |
| 8:34 | Queue | Fishing Ship |
| 8:49 | Queue | Villager (Male) |
| 9:01 | Build | Mining Camp |
| 9:04 | Queue | Militia |
| 9:16 | Queue | Fishing Ship |
| 9:48 | Age | Feudal Age |
| 9:59 | Research | Man-at-Arms (upgrade) |
| 10:35 | Queue | Militia |
| 10:36 | Queue | Villager (Male) |
| 10:36 | Queue | Villager (Male) |
| 10:42 | Build | Palisade Wall |
| 10:45 | Build | Palisade Wall |
| 10:59 | Queue | Villager (Male) |
| 10:59 | Queue | Villager (Male) |
| 11:08 | Queue | Militia |
| 11:08 | Queue | Militia |
| 11:26 | Queue | Villager (Male) |
| 11:26 | Queue | Villager (Male) |
| 11:31 | Build | Mining Camp |
| 11:41 | Queue | Fishing Ship |
| 11:41 | Queue | Fishing Ship |
| 11:53 | Queue | Militia |
| 11:57 | Build | House |
| 11:58 | Build | House |
| 12:19 | Build | House |
| 12:21 | Build | House |
| 12:25 | Build | House |
| 12:27 | Queue | Villager (Male) |
| 12:32 | Build | Watch Tower |
| 12:32 | Queue | Villager (Male) |
| 12:57 | Queue | Militia |
| 13:13 | Queue | Villager (Male) |
| 13:23 | Build | Watch Tower |
| 13:49 | Queue | Villager (Male) |
| 13:59 | Research | Double-Bit Axe |
| 14:13 | Queue | Villager (Male) |
| 14:25 | Build | House |
| 14:29 | Build | Watch Tower |
| 14:39 | Queue | Militia |
| 14:40 | Queue | Villager (Male) |
| 14:40 | Queue | Villager (Male) |
| 14:54 | Queue | Fishing Ship |
| 14:55 | Queue | Villager (Male) |
| 14:55 | Queue | Villager (Male) |
| 15:29 | Build | Watch Tower |
| 15:43 | Queue | Fishing Ship |
| 15:43 | Queue | Fishing Ship |
| 16:04 | Queue | Villager (Male) |
| 16:05 | Queue | Villager (Male) |
| 16:35 | Queue | Villager (Male) |
| 17:14 | Queue | Villager (Male) |
| 17:15 | Queue | Villager (Male) |
| 17:21 | Queue | Villager (Male) |
| 17:21 | Queue | Villager (Male) |
| 17:45 | Queue | Fishing Ship |
| 17:45 | Queue | Fishing Ship |
| 18:28 | Build | Watch Tower |
| 18:31 | Queue | Villager (Male) |
| 18:31 | Queue | Villager (Male) |
| 18:35 | Build | Blacksmith |
| 18:41 | Research | Arson |
| 19:03 | Build | Market |
| 19:04 | Queue | Villager (Male) |
| 19:04 | Queue | Villager (Male) |
| 20:09 | Queue | Militia |
| 20:09 | Queue | Militia |
| 20:11 | Queue | Villager (Male) |
| 20:11 | Queue | Villager (Male) |
| 20:54 | Research | Fletching |
| 20:55 | Queue | Villager (Male) |
| 20:58 | Build | Farm |
| 20:59 | Build | Farm |
| 21:03 | Queue | Fishing Ship |
| 21:58 | Queue | Villager (Male) |
| 21:59 | Queue | Villager (Male) |
| 22:44 | Queue | Fishing Ship |
| 22:44 | Queue | Fishing Ship |
| 23:08 | Build | Watch Tower |
| 23:12 | Queue | Villager (Male) |
| 23:13 | Queue | Villager (Male) |
| 23:29 | Build | House |
| 23:43 | Queue | Villager (Male) |
| 24:20 | Queue | Villager (Male) |
| 24:20 | Queue | Villager (Male) |
| 24:24 | Build | Archery Range |
| 24:41 | Build | Watch Tower |
| 24:46 | Build | Watch Tower |
| 24:48 | Build | Watch Tower |
| 25:10 | Build | Watch Tower |
| 25:31 | Build | Watch Tower |
| 25:32 | Build | Watch Tower |
| 25:33 | Queue | Villager (Male) |
| 25:33 | Queue | Villager (Male) |
| 26:07 | Research | Castle Age |
| 26:12 | Queue | Villager (Male) |
| 26:12 | Queue | Villager (Male) |
| 26:33 | Queue | Villager (Male) |
| 26:54 | Queue | Villager (Male) |
| 27:27 | Queue | Villager (Male) |
| 27:53 | Build | Watch Tower |
| 27:54 | Build | Watch Tower |
| 27:54 | Build | Watch Tower |
| 28:05 | Queue | Villager (Male) |
| 28:05 | Queue | Villager (Male) |
| 28:45 | Build | Watch Tower |
| 28:46 | Build | Watch Tower |
| 28:46 | Build | Watch Tower |
| 28:48 | Age | Castle Age |
| 28:50 | Build | Watch Tower |
| 28:59 | Build | Watch Tower |
| 29:38 | Research | Bodkin Arrow |
| 29:48 | Queue | Villager (Male) |
| 29:49 | Queue | Villager (Male) |
Build order — DS_Rene Lavand
First 150 of 234 actions detected
| 0:03 | Queue | Villager (Male) |
| 0:03 | Queue | Villager (Male) |
| 0:03 | Queue | Villager (Male) |
| 0:04 | Queue | Villager (Male) |
| 0:04 | Queue | Villager (Male) |
| 0:04 | Queue | Villager (Male) |
| 0:04 | Queue | Villager (Male) |
| 0:06 | Build | House |
| 0:09 | Build | House |
| 1:39 | Queue | Villager (Male) |
| 1:39 | Queue | Villager (Male) |
| 2:11 | Queue | Villager (Male) |
| 2:11 | Queue | Villager (Male) |
| 2:37 | Queue | Villager (Male) |
| 3:01 | Queue | Villager (Male) |
| 3:02 | Queue | Villager (Male) |
| 3:02 | Queue | Villager (Male) |
| 3:22 | Queue | Villager (Male) |
| 3:42 | Queue | Villager (Male) |
| 3:42 | Queue | Villager (Male) |
| 3:57 | Build | House |
| 4:16 | Queue | Villager (Male) |
| 4:35 | Build | Mill |
| 4:40 | Queue | Villager (Male) |
| 4:45 | Build | Lumber Camp |
| 4:59 | Queue | Villager (Male) |
| 4:59 | Queue | Villager (Male) |
| 4:59 | Queue | Villager (Male) |
| 5:03 | Queue | Villager (Male) |
| 5:04 | Queue | Villager (Male) |
| 5:49 | Queue | Villager (Male) |
| 5:50 | Queue | Villager (Male) |
| 5:50 | Queue | Villager (Male) |
| 6:09 | Research | Loom |
| 7:37 | Research | Feudal Age |
| 7:59 | Build | Barracks |
| 8:27 | Build | House |
| 8:54 | Queue | Militia |
| 8:54 | Queue | Militia |
| 8:54 | Queue | Militia |
| 9:07 | Queue | Militia |
| 9:47 | Age | Feudal Age |
| 9:50 | Research | Man-at-Arms (upgrade) |
| 9:52 | Queue | Villager (Male) |
| 10:40 | Build | Archery Range |
| 11:13 | Queue | Villager (Male) |
| 11:13 | Queue | Villager (Male) |
| 11:13 | Queue | Villager (Male) |
| 11:13 | Queue | Villager (Male) |
| 11:16 | Build | Blacksmith |
| 11:18 | Build | House |
| 11:41 | Queue | Archer |
| 11:41 | Queue | Archer |
| 11:41 | Queue | Archer |
| 11:41 | Queue | Archer |
| 11:54 | Queue | Villager (Male) |
| 11:54 | Queue | Villager (Male) |
| 12:15 | Build | Mill |
| 12:21 | Queue | Archer |
| 12:21 | Queue | Archer |
| 12:46 | Build | Farm |
| 12:49 | Build | Farm |
| 12:58 | Queue | Villager (Male) |
| 13:10 | Build | Outpost |
| 13:13 | Queue | Archer |
| 13:14 | Queue | Archer |
| 13:14 | Queue | Archer |
| 13:14 | Queue | Archer |
| 13:21 | Queue | Villager (Male) |
| 13:21 | Queue | Villager (Male) |
| 13:21 | Queue | Villager (Male) |
| 13:54 | Queue | Villager (Male) |
| 13:57 | Build | House |
| 14:18 | Build | Farm |
| 14:18 | Build | Farm |
| 14:18 | Build | Farm |
| 14:18 | Build | Farm |
| 14:19 | Build | Farm |
| 14:30 | Research | Fletching |
| 14:33 | Build | Watch Tower |
| 14:51 | Queue | Archer |
| 14:51 | Queue | Archer |
| 15:05 | Queue | Villager (Male) |
| 15:05 | Queue | Villager (Male) |
| 15:05 | Queue | Villager (Male) |
| 15:30 | Queue | Villager (Male) |
| 15:36 | Build | Farm |
| 15:40 | Build | House |
| 15:50 | Build | Palisade Wall |
| 15:50 | Build | Palisade Wall |
| 15:51 | Build | Palisade Wall |
| 15:51 | Build | Palisade Wall |
| 15:51 | Build | Palisade Wall |
| 15:51 | Build | Palisade Wall |
| 15:52 | Build | Palisade Wall |
| 15:52 | Build | Palisade Wall |
| 15:53 | Build | Palisade Wall |
| 15:57 | Queue | Archer |
| 15:57 | Queue | Archer |
| 15:58 | Queue | Archer |
| 16:16 | Build | Palisade Wall |
| 16:19 | Build | Palisade Wall |
| 16:27 | Build | Palisade Wall |
| 16:31 | Build | Palisade Wall |
| 16:34 | Build | Palisade Wall |
| 16:37 | Build | Palisade Wall |
| 16:43 | Build | House |
| 16:47 | Build | House |
| 16:50 | Build | House |
| 17:06 | Queue | Villager (Male) |
| 17:06 | Queue | Villager (Male) |
| 17:06 | Queue | Villager (Male) |
| 17:31 | Queue | Villager (Male) |
| 17:31 | Queue | Villager (Male) |
| 17:35 | Queue | Villager (Male) |
| 18:20 | Build | Watch Tower |
| 18:37 | Queue | Villager (Male) |
| 18:37 | Queue | Villager (Male) |
| 18:39 | Queue | Archer |
| 18:39 | Queue | Archer |
| 18:40 | Queue | Archer |
| 18:40 | Queue | Archer |
| 19:10 | Build | Palisade Wall |
| 19:10 | Build | Palisade Wall |
| 19:11 | Build | Palisade Wall |
| 19:11 | Build | Palisade Wall |
| 19:12 | Build | Palisade Wall |
| 19:12 | Build | Palisade Wall |
| 19:12 | Build | Palisade Wall |
| 19:13 | Build | Palisade Wall |
| 20:08 | Queue | Villager (Male) |
| 20:59 | Queue | Villager (Male) |
| 21:54 | Build | Market |
| 21:56 | Queue | Villager (Male) |
| 22:31 | Build | Watch Tower |
| 22:42 | Research | Castle Age |
| 22:50 | Queue | Archer |
| 22:51 | Queue | Archer |
| 22:51 | Queue | Archer |
| 22:51 | Queue | Archer |
| 23:11 | Build | Farm |
| 24:06 | Queue | Archer |
| 24:07 | Queue | Archer |
| 24:34 | Research | Padded Archer Armor |
| 24:35 | Queue | Villager (Male) |
| 24:49 | Build | Lumber Camp |
| 25:22 | Age | Castle Age |
| 25:32 | Research | Bodkin Arrow |
| 25:40 | Queue | Villager (Male) |
| 26:38 | Build | Siege Workshop |
Match timeline
| 7:00 | Schlumpf · first_building Barracks |
| 7:59 | DS_Rene Lavand · first_building Barracks |
| 8:01 | Schlumpf · first_building Dock |
| 9:47 | DS_Rene Lavand · age_up feudal |
| 9:48 | Schlumpf · age_up feudal |
| 10:40 | DS_Rene Lavand · first_building Archery Range |
| 10:42 | Schlumpf · wall_segment Palisade Wall x1 |
| 10:45 | Schlumpf · wall_segment Palisade Wall x1 |
| 15:50 | DS_Rene Lavand · wall_segment Palisade Wall x2 |
| 15:50 | DS_Rene Lavand · wall_segment Palisade Wall x1 |
| 15:51 | DS_Rene Lavand · wall_segment Palisade Wall x1 |
| 15:51 | DS_Rene Lavand · wall_segment Palisade Wall x2 |
| 15:51 | DS_Rene Lavand · wall_segment Palisade Wall x1 |
| 15:51 | DS_Rene Lavand · wall_segment Palisade Wall x2 |
| 15:52 | DS_Rene Lavand · wall_segment Palisade Wall x2 |
| 15:52 | DS_Rene Lavand · wall_segment Palisade Wall x1 |
| 15:53 | DS_Rene Lavand · wall_segment Palisade Wall x1 |
| 16:16 | DS_Rene Lavand · wall_segment Palisade Wall x1 |
| 16:19 | DS_Rene Lavand · wall_segment Palisade Wall x1 |
| 16:27 | DS_Rene Lavand · wall_segment Palisade Wall x1 |
| 16:31 | DS_Rene Lavand · wall_segment Palisade Wall x2 |
| 16:34 | DS_Rene Lavand · wall_segment Palisade Wall x1 |
| 16:37 | DS_Rene Lavand · wall_segment Palisade Wall x1 |
| 19:10 | DS_Rene Lavand · wall_segment Palisade Wall x1 |
| 19:10 | DS_Rene Lavand · wall_segment Palisade Wall x1 |
| 19:11 | DS_Rene Lavand · wall_segment Palisade Wall x1 |
| 19:11 | DS_Rene Lavand · wall_segment Palisade Wall x1 |
| 19:12 | DS_Rene Lavand · wall_segment Palisade Wall x1 |
| 19:12 | DS_Rene Lavand · wall_segment Palisade Wall x1 |
| 19:12 | DS_Rene Lavand · wall_segment Palisade Wall x1 |
| 19:13 | DS_Rene Lavand · wall_segment Palisade Wall x1 |
| 19:37 | Schlumpf · first_market_buy 500 food |
| 23:02 | DS_Rene Lavand · first_market_buy 100 stone |
| 24:24 | Schlumpf · first_building Archery Range |
| 25:22 | DS_Rene Lavand · age_up castle |
| 26:38 | DS_Rene Lavand · first_building Siege Workshop |
| 28:48 | Schlumpf · age_up castle |
| 32:43 | DS_Rene Lavand · first_market_sell 100 stone |
| 33:35 | Schlumpf · first_building Siege Workshop |
| 35:11 | DS_Rene Lavand · first_building Castle |
| 40:27 | Schlumpf · resign |
[ AI ANALYSIS · 1 CREDIT ]
What really happened in this match?
Wolo.gg analyzes every decision: build order, eco, micro, common mistakes by bracket. Personalized analysis on WhatsApp or Discord in 30 seconds.
Civ guide
Spanish
Perfil
Jugador #721773